Map: Catallena LE (Void)

Players

AntoineDess

  • Race: Protoss Protoss
  • League: Grandmaster
  • Spawn Location: 5:00

Rhizer - Winner!

  • Race: Protoss Protoss
  • League: Grandmaster
  • Spawn Location: 12:00

Event: HopeTL

VOD

https://www.youtube.com/watch?v=fIOJgj8wW98&list=PL9QsjkBYtQM7NVZEDVfaNugqO61aBOlm6&index=1

Description

Time

  • Played on: Oct. 7, 2017, 8:25 p.m.
  • Length: 11:24
Show
View Real Time Build Order
Export as new Build Order

AntoineDess Protoss 

Build Orders:  

Get SALT Encoding   

  12  0:01  Probe (Chrono Boost)  
  13  0:11  Probe (Chrono Boost)  
  14  0:18  Pylon  
  14  0:22  Probe (Chrono Boost)  
  15  0:36  Gateway, Probe (Chrono Boost)  
  15  0:41  Assimilator  
  16  0:47  Probe (Chrono Boost)  
  17  0:57  Probe (Chrono Boost)  
  17  0:58  Assimilator  
  18  1:08  Probe (Chrono Boost)  
  19  1:11  Gateway  
  20  1:18  Probe (Chrono Boost)  
  20  1:25  Cybernetics Core  
  20  1:29  Probe (Chrono Boost)  
  21  1:35  Pylon  
  21  1:39  Probe (Chrono Boost)  
  22  1:50  Probe (Chrono Boost)  
  25  2:02  Warp Gate (Chrono Boost), Mothership Core (Chrono Boost)  
  27  2:09  Stalker (Chrono Boost)  
  27  2:20  Nexus  
  27  2:28  Stalker (Chrono Boost)  
  29  2:37  Pylon  
  31  2:48  Stalker (Chrono Boost)  
  31  2:56  Stalker (Chrono Boost)  
  33  3:05  Robotics Facility, Probe  
  34  3:13  Pylon  
  34  3:16  Sentry (Chrono Boost)  
  34  3:19  Probe (Chrono Boost)  
  37  3:30  Probe (Chrono Boost)  
  37  3:32  Probe (Chrono Boost)  
  39  3:36  Twilight Council  
  39  3:41  Probe (Chrono Boost)  
  40  3:43  Probe (Chrono Boost)  
  41  3:54  Observer (Chrono Boost), Probe (Chrono Boost)  
  41  3:55  Probe  
  44  4:06  Probe (Chrono Boost)  
  44  4:07  Pylon, Probe (Chrono Boost)  
  46  4:16  Probe (Chrono Boost)  
  50  4:17  Blink (Chrono Boost)  
  50  4:18  Probe (Chrono Boost)  
  50  4:21  Phoenix  
  48  4:26  Probe  
  49  4:35  Probe  
  50  4:38  Probe  
  50  4:39  Immortal  
  50  4:42  Assimilator  
  50  4:44  Assimilator  
  55  4:50  Probe  
  55  4:52  Probe  
  57  4:53  Sentry  
  57  4:57  Forge  
  57  4:58  Gateway  
  59  5:01  Probe  
  59  5:02  Pylon  
  59  5:04  Probe  
  61  5:11  Probe  
  62  5:16  Probe  
  62  5:20  Pylon  
  63  5:22  Observer  
  64  5:33  Protoss Ground Weapons Level 1 (Chrono Boost), Gateway  
  64  5:34  Gateway  
  64  5:37  Gateway  
  64  5:43  Pylon  
  64  5:44  Immortal  
  68  5:54  Nexus  
  68  6:04  Pylon, Charge  
  68  6:07  Pylon  
  68  6:13  Pylon  
  68  6:15  Stalker x3  
  74  6:29  Templar Archives  
  74  6:31  Probe x2  
  76  6:43  Immortal, Probe x2  
  82  6:54  Photon Cannon  
  82  6:55  Probe x2  
  84  7:03  Gateway  
  84  7:04  Gateway  
  84  7:06  Gateway  
  84  7:07  Probe x2  
  86  7:09  Protoss Ground Weapons Level 2 (Chrono Boost)  
  86  7:10  Probe  
  87  7:19  Probe  
  87  7:20  Assimilator, Probe x2  
  90  7:23  Assimilator  
  90  7:31  Probe  
  90  7:32  Immortal (Chrono Boost)  
  95  7:37  Probe  
  95  7:38  Probe  
  95  7:44  Probe  
  98  7:49  Probe  
  98  7:50  Probe  
  100  7:53  Gateway x2  
  100  7:54  Gateway  
  100  7:56  Pylon  
  100  8:02  Pylon  
  100  8:06  High Templar x2  
  100  8:07  High Templar x4  
  100  8:11  Warp Prism (Chrono Boost)  
  100  8:12  Archon  
  114  8:13  Archon x2  
  114  8:18  Photon Cannon  
  114  8:28  Pylon  
  114  8:35  High Templar  
  114  8:36  High Templar, Zealot  
  120  8:43  Archon  
  120  8:44  Zealot x5  
  130  8:51  Pylon  
  130  8:57  High Templar x2  
  130  9:01  Zealot x3  
  130  9:02  Archon  
  140  9:08  High Templar  
  140  9:09  High Templar, Zealot  
  146  9:10  Zealot x4  
  146  9:12  Archon  
  146  9:15  Pylon  
  154  9:17  Pylon  
  154  9:23  Archon  
  154  9:24  High Templar x2  
  154  9:27  Zealot x3  
  154  9:29  Archon  
  164  9:49  Zealot x6  
  130  10:05  Zealot x3  
  130  10:06  Zealot x3  
  88  10:18  Zealot x6  
  72  10:29  Immortal  
  72  10:34  Nexus  
  72  10:39  Zealot x7  
  72  10:42  High Templar x2  
  90  10:46  Archon  
  90  10:54  Zealot x3  
  94  10:57  Zealot x2  
  94  11:03  High Templar x2  
  94  11:04  High Templar x2  
  106  11:11  Archon x2  
Show
View Real Time Build Order
Export as new Build Order

Rhizer Protoss - Winner!

Build Orders: Zealot Archon 

Get SALT Encoding   

  12  0:00  Probe (Chrono Boost)  
  13  0:11  Probe (Chrono Boost)  
  14  0:20  Pylon  
  14  0:27  Probe (Chrono Boost)  
  15  0:39  Probe (Chrono Boost)  
  15  0:40  Gateway  
  16  0:49  Probe (Chrono Boost)  
  17  0:55  Assimilator  
  17  1:00  Assimilator, Probe (Chrono Boost)  
  18  1:10  Probe (Chrono Boost)  
  19  1:15  Gateway  
  19  1:21  Probe (Chrono Boost)  
  20  1:28  Cybernetics Core  
  20  1:31  Probe (Chrono Boost)  
  21  1:39  Pylon  
  21  1:42  Probe (Chrono Boost)  
  22  1:52  Probe (Chrono Boost)  
  23  2:13  Nexus  
  23  2:17  Warp Gate (Chrono Boost)  
  23  2:23  Mothership Core  
  25  2:31  Stalker  
  27  2:40  Stalker  
  28  2:46  Probe  
  29  2:52  Pylon  
  29  2:58  Probe (Chrono Boost)  
  30  3:07  Twilight Council  
  30  3:09  Probe (Chrono Boost)  
  31  3:15  Stalker  
  33  3:23  Stalker  
  36  3:27  Probe (Chrono Boost)  
  36  3:30  Probe (Chrono Boost)  
  37  3:37  Probe (Chrono Boost)  
  38  3:46  Robotics Facility  
  38  3:49  Probe (Chrono Boost)  
  38  3:51  Probe (Chrono Boost)  
  40  4:00  Blink (Chrono Boost)  
  40  4:02  Probe x2  
  42  4:13  Probe  
  42  4:14  Probe  
  44  4:18  Pylon  
  44  4:21  Sentry x2  
  44  4:23  Probe  
  48  4:26  Probe  
  50  4:32  Observer (Chrono Boost)  
  50  4:34  Probe  
  50  4:36  Assimilator  
  52  4:38  Assimilator, Probe  
  53  4:47  Pylon, Probe  
  53  4:51  Gateway, Probe  
  53  4:52  Observer  
  55  4:53  Gateway  
  55  4:59  Probe  
  57  5:03  Probe  
  58  5:11  Immortal, Forge, Probe  
  59  5:17  Probe  
  64  5:27  Pylon  
  64  5:30  Probe  
  64  5:31  Pylon  
  65  5:46  Protoss Ground Weapons Level 1 (Chrono Boost)  
  65  5:47  Nexus  
  64  5:53  Immortal, Charge (Chrono Boost)  
  64  6:00  Pylon  
  68  6:14  Probe x2  
  68  6:15  Gateway  
  68  6:18  Gateway  
  70  6:26  Probe x2  
  70  6:27  Immortal  
  76  6:35  Templar Archives  
  76  6:38  Probe x2  
  78  6:44  Zealot x2  
  82  6:49  Zealot  
  82  6:50  Zealot, Probe  
  82  6:52  Probe  
  88  6:59  Photon Cannon  
  88  7:02  Probe x2  
  88  7:05  Photon Cannon  
  90  7:08  Immortal  
  90  7:09  Probe  
  95  7:23  Gateway  
  95  7:26  Gateway  
  95  7:28  Gateway  
  95  7:31  Probe  
  95  7:32  Protoss Ground Weapons Level 2 (Chrono Boost)  
  95  7:36  Probe  
  97  7:38  Assimilator  
  97  7:39  Probe  
  97  7:43  Pylon  
  98  7:44  Assimilator  
  98  7:48  High Templar x4  
  106  7:53  Archon  
  106  7:54  Archon  
  106  7:56  Immortal, Probe  
  106  7:57  Pylon  
  107  8:04  Pylon  
  111  8:08  Pylon  
  111  8:10  Photon Cannon  
  111  8:15  High Templar x2  
  115  8:20  Pylon, Archon  
  115  8:21  Pylon  
  115  8:30  High Templar, Warp Prism  
  115  8:31  High Templar, Zealot x3  
  125  8:35  Archon  
  125  8:40  Probe x2  
  129  8:45  High Templar x2  
  133  8:50  Archon  
  133  8:54  Zealot x4  
  141  9:02  Immortal  
  141  9:09  Pylon  
  145  9:10  Pylon  
  145  9:11  Pylon  
  145  9:14  High Templar x2  
  145  9:16  Zealot x3  
  145  9:17  Zealot  
  157  9:18  Pylon, Archon  
  157  9:24  Dark Shrine  
  157  9:37  Nexus  
  157  9:44  Stargate  
  157  9:52  Zealot x4  
  151  9:57  Zealot x2  
  135  10:07  Zealot x3  
  95  10:35  High Templar x4  
  103  10:36  High Templar x2  
  103  10:37  Zealot x3  
  103  10:40  Archon x3  
  113  10:48  Assimilator  
  113  10:51  Assimilator  
  113  10:54  Pylon  
  113  10:58  Zealot x3  
  126  11:08  Zealot x5  
  136  11:17  Dark Templar  
  136  11:20  Zealot x2  
  140  11:21  Zealot  
Tags
 
Add a new tag
Caveats
  • Supply blocks, unpowered buildings, or Contaminate may cause inaccurate times.
  • Supply counts are checked every 10 seconds.